 Dungeon Crawl Stone Soup version 0.31-a0-222-gefeffbb62a (webtiles) character file.

Game seed: 8857622178822779305

28 qw the Shooter (level 3, -2/21 HPs)
             Began as a Gargoyle Hexslinger on July 5, 2023.
             Frozen to death by an endoplasm (4 damage)
             ... on level 1 of the Dungeon.
             The game lasted 00:00:21 (744 turns).

qw the Shooter (Gargoyle Hexslinger)                 Turns: 744, Time: 00:00:22

Health: -2/21      AC:  6    Str: 11    XL:     3   Next: 14%
Magic:  4/4        EV: 11    Int: 13    God:
Gold:   39         SH:  0    Dex: 14    Spells: 3/4 levels left

rFire   . . .        Y - +2 sling
rCold   . . .        (no shield)
rNeg    + . .        g - +0 leather armour
rPois   inf          (no helmet)
rElec   +            (no cloak)
rCorr   .            (no gloves)
SInv    .            (no boots)
Will    .....        (no amulet)
Stlth   +            (no ring)
HPRegen 0.23/turn    (no ring)
MPRegen 0.09/turn

%: no passive effects
@: no status effects
A: sickness immunity, AC +3, negative energy resistance 1, electricity
resistance, torment resistance 1, petrification resistance
a: no special abilities


You were on level 1 of the Dungeon.
You visited 1 branch of the dungeon, and saw 2 of its levels.

You collected 39 gold pieces.


Innate Abilities, Weirdness & Mutations

You are immune to sickness and miasma.
Your stone body is resilient. (AC +3)
You are immune to poison.
You resist negative energy. (rN+)
You are resistant to electric shocks. (rElec)
You are resistant to unholy torment.
You are immune to petrification.


   Skills:
 - Level 2.0 Fighting
 + Level 3.1 Ranged Weapons
 - Level 1.5 Dodging
 - Level 1.0 Spellcasting
 - Level 2.6 Hexes


You had 3 spell levels left.
You knew the following spells:

 Your Spells              Type           Power      Damage    Failure   Level
a - Slow                  Hex            28%        N/A       12%         1

Your spell library contained the following spells:

 Spells                   Type           Power      Damage    Failure   Level
 Inner Flame              Hex/Fire       4%         N/A       54%         3
 Portal Projectile        Hex/Tloc       8%         N/A       54%         3
 Cause Fear               Hex            3%         N/A       77%         4

Inventory:

Hand Weapons
 Y - a +2 sling (weapon)
Armour
 g - a +0 leather armour (worn)
Potions
 f - a potion of curing {unknown}
 h - a potion of heal wounds {unknown}

Dungeon Overview and Level Annotations

Branches:
Dungeon (2/15)

Altars:


Message History

The giant cockroach bites you but does no damage.
The endoplasm barely misses you.
The giant cockroach bites you but does no damage.
You shoot a sling bullet.
The sling bullet hits the giant cockroach.
You kill the giant cockroach!
The endoplasm hits you but does no damage.
The worm closely misses you.
You shoot a sling bullet. The sling bullet hits the worm!
The worm is heavily wounded.
The endoplasm freezes you.
You are frozen.
The endoplasm closely misses you. The worm bites you.
739 ||| STAIRDANCE The endoplasm freezes you.
You are frozen.
You climb upwards.
There is a stone staircase leading down here.
Enter note:
Enter note:
Enter note:
Enter note:
Enter note:
Enter note: You shoot a sling bullet.
The sling bullet hits the worm.
The worm is severely wounded.
The worm barely misses you. The endoplasm barely misses you.
You shoot a sling bullet. The sling bullet hits the worm.
The worm is severely wounded.
The endoplasm freezes you.
You are frozen.
The worm bites you but does no damage.
You shoot a sling bullet.
The sling bullet barely misses the worm.
The endoplasm freezes you.
You are frozen.
The worm bites you!
The endoplasm hits you but does no damage.
You shoot a sling bullet. The sling bullet hits the worm!
You kill the worm!
The endoplasm freezes you.
You are frozen.
You die...

......#.# #.....#....##....
#...#.#.## #.....#.#...##...
.........########.......#........
.........#......#.....###........
#.###.#...............###........
#.....#.#.......>.........###....
#######.##................# #....
......#.##.......#.###....###....
).....#.........@..# #...)+......
##########.....J#### #....###....
#......# #....#.'.... #......#
#....#.#.... ########
#....#.##### #..(.#.# #....#.#
######.# #.#


You could see an endoplasm.

Vanquished Creatures
  A worm (D:1)
  A dart slug (D:1)
  2 endoplasms (D:1)
  2 giant cockroaches
  2 goblins (D:1)
  4 hobgoblins (D:1)
  3 quokkas (D:1)
  2 bats
  2 frilled lizards (D:1)
  3 kobolds (D:1)
  2 rats (D:1)
24 creatures vanquished.

Notes
Turn   | Place    | Note
-------+----------+-------------------------------------------
     0 | D:1      | qw the Gargoyle Hexslinger began the quest for the Orb.
     0 | D:1      | Reached XP level 1. HP: 12/12 MP: 2/2
     0 | D:1      | 0 ||| qw: Version: 0.3-a-46-gb1f654a
     0 | D:1      | 0 ||| qw: Game counter: 1026
     0 | D:1      | 0 ||| qw: Melee chars always use a shield: true
     0 | D:1      | 0 ||| qw: God list: Okawaru
     0 | D:1      | 0 ||| qw: Allow faded altars: false
     0 | D:1      | 0 ||| qw: Do Orc after clearing Dungeon:15 true
     0 | D:1      | 0 ||| qw: Do second Lair branch before Depths: true
     0 | D:1      | 0 ||| qw: Lair rune preference: random
     0 | D:1      | 0 ||| qw: Goals: Normal
     0 | D:1      | 0 ||| PLANNING D:1-11
   114 | D:1      | Reached XP level 2. HP: 11/16 MP: 3/3
   177 | D:1      | Found a faded altar of an unknown god.
   282 | D:1      | Reached skill level 3 in Ranged Weapons
   573 | D:1      | Reached XP level 3. HP: 21/21 MP: 4/4
   681 | D:1      | 681 ||| UPGRADING to +0 leather armour.
   691 | D:1      | 691 ||| DROPPING +0 robe.
   692 | D:1      | 692 ||| READING scroll labelled USADDURIFF.
   696 | D:1      | 696 ||| READING 2 scrolls labelled PUCUPAAFEO.
   697 | D:1      | 697 ||| READING scroll labelled QETUOPNYGGE.
   698 | D:1      | 698 ||| DROPPING scroll of poison.
   699 | D:1      | 699 ||| DROPPING scroll of vulnerability.
   739 | D:2      | 739 ||| STAIRDANCE
   743 | D:1      | HP: 1/21 [worm (8)]
   744 | D:1      | Frozen to death by an endoplasm

Levels and vault maps discovered:
D:1:      amcnicky_arrival_double_pillar, layout_basic,
          ebering_ecumenical_altar_rust
D:2:      layout_rooms, serial_shops, nicolae_shop_just_a_little_nook,
          minmay_surrounded

Skill      XL: |  1  2 |
---------------+-------+-----
Ranged Weapons | 3 |  3.1
Fighting       | 2 |  2.0
Dodging        | |  1.5
Spellcasting   | |  1.0
Hexes          | |  2.6

Action                     || total
---------------------------++-------
   Fire: Sling             ||    86
    Use: Scroll            ||     3
 Armour: Robe              ||     9
         Leather armour    ||     6
  Dodge: Dodged            ||    24

Table legend:
 A = Non-vault XP
 B = Vault XP
 C = Vault XP percentage of total XP
 D = Non-vault monster count
 E = Vault monster count
 F = Vault count percentage of total count
                 A         B        C        D         E       F
            +---------+---------+-------+---------+---------+-------
      Total |      39 |       7 |  15.2 |      22 |       2 |   8.3
            +---------+---------+-------+---------+---------+-------
        D:1 |      38 |       5 |  11.6 |      21 |       1 |   4.5
        D:2 |       1 |       2 |  66.7 |       1 |       1 |  50.0
            +---------+---------+-------+---------+---------+-------
